 Dungeon Crawl Stone Soup version 0.31-a0-675-g238779eb0a (webtiles) character file.

Game seed: 4309575547144706467

1915 ytrimaz the Covert (level 9, -14/52 HPs)
             Began as an Octopode Shapeshifter on Sept 5, 2023.
             Demolished by an orc warrior
             ... wielding a +0 glaive
              (23 damage)
             ... on level 7 of the Dungeon.
             The game lasted 00:04:39 (5846 turns).

ytrimaz the Covert (Octopode Shapeshifter)          Turns: 5846, Time: 00:04:40

Health: -14/52     AC:  1    Str: 13    XL:     9   Next: 16%
Magic:  9/9        EV: 18    Int: 13    God:
Gold:   256        SH:  0    Dex: 15    Spells: 8/8 levels left

rFire   . .          .
                       - Unarmed
rCold   . . .        (shield currently unavailable)
rNeg    . . .        (helmet restricted)
rPois   .            (no amulet)
rElec   .            l - +5 ring of evasion
rCorr   .            (no ring)
SInv    .            (no ring)
Will    .....        (no ring)
Stlth   ++           (no ring)
HPRegen 0.28/turn    (no ring)
MPRegen 0.11/turn    (no ring)
                     (no ring)

%: no passive effects
@: flux-form, glowing
A: glow, contaminating, reduced hp, almost no armour, amphibious, 8 rings,
camouflage 1, gelatinous body 1, (nimble swimmer 1), tentacles
a: Begin Untransformation


You were on level 7 of the Dungeon.
You were something dangerously unstable.
You visited 1 branch of the dungeon, and saw 7 of its levels.

You collected 256 gold pieces.


Innate Abilities, Weirdness & Mutations

You are something dangerously unstable.
You glow with magical radiation, making you easy to see and hit.
Foes you strike become dangerously contaminated with magical radiation.
Your maximum health is decreased, since you lack skill for your form.
You are incapable of wielding weapons or throwing items.
You cannot wear most types of armour.
You are amphibious.
You can wear up to eight rings at the same time.
Your skin changes colour to match your surroundings (Stealth+).
Your rubbery body absorbs attacks. (AC +1, EV +1)
((You are camouflaged when in or above water. (Stealth+)))
You have tentacles for arms and can constrict up to eight enemies at once.


   Skills:
 - Level 1.0 Fighting
 - Level 2.0 Dodging
 + Level 9.6 Stealth
 + Level 7.3 Unarmed Combat
 + Level 6.8 Shapeshifting


You had 8 spell levels left.
You didn't know any spells.
Your spell library contained the following spells:

 Spells                   Type           Power      Damage    Failure   Level
 Apportation              Tloc           0%         N/A       30%         1
 Necrotise                Necr           0%         1d4       30%         1
 Ignite Poison            Fire/Tmut/Pois 0%         N/A       67%         3
 Vampiric Draining        Necr           0%         2d6       67%         3
 Fulminant Prism          Conj/Hex       0%         3d5       97%         4
 Agony                    Necr           0%         N/A       100%        5
 Alistair's Intoxication  Tmut/Pois      0%         N/A       100%        5
 Eringya's Noxious Bog    Tmut/Pois      0%         4d6       100%        6

Inventory:

Missiles
 n - a throwing net
Jewellery
 l - a +5 ring of evasion (left tentacle)
   (You found it on level 2 of the Dungeon)
Talismans
 b - a beast talisman
 c - a flux talisman (active)
Wands
 k - a wand of digging (2)
   (You found it on level 2 of the Dungeon)
Scrolls
 f - a scroll of fear
 i - 2 scrolls of amnesia
 j - a scroll of teleportation
Potions
 a - a potion of magic {unknown}
 d - a potion of brilliance {unknown}
 e - 3 potions of curing
 h - 2 potions of ambrosia
 m - a potion of heal wounds {unknown}

Dungeon Overview and Level Annotations

Branches:
Dungeon (7/15) Zot: 26277
 Temple: D:4-7

Altars:
Dithmenos
Fedhas
Qazlal
Trog
Vehumet
Wu Jian
Xom

Shops:
D:4 =:

Annotations:
D:5 1 runed translucent door, thirtiethelement's ghost, novice DsEn

.....#.).#..# #...
###.!).)....# #...
#########.# #...
..........# ###.
...####.### ##. #.# ###..
#.# #....
#.################ #....
#......oB........####....
################......###
#############
#............
#####'#########
#.......†#...#.
#........#.#.#.
#.........†....
#..............


You could see an orc warrior (heavy contam).


Message History

The orc shouts!
You tentacle-slap the sleepcap.
The sleepcap begins to glow.
You grab the sleepcap. You squeeze the sleepcap.
You constrict the sleepcap, but do no damage.
You hear a shout!
The sleepcap releases spores at you.
You are engulfed in a cloud of soporific spores!
You fall asleep.
You lose your grip on the sleepcap.
An orc comes into view. It is wielding a +0 falchion.
The sleepcap releases spores at you!
You wake up. 😮 HP[-15]
You take 15 damage, and now have 36/51 hp.
MASSIVE DAMAGE!! (PAUSE)
The sleepcap attacks as it pursues you! The sleepcap misses you.
The sleepcap attacks as it pursues you! The sleepcap completely misses you.
Unknown command.
You tentacle-slap the sleepcap but do no damage.
The sleepcap glows dangerously bright.
You grab the sleepcap. You squeeze the sleepcap! You constrict the sleepcap.
The sleepcap releases spores at you.
The orc priest begins to cast a cantrip, but forgets the words! 😮 HP[-1]
You take 1 damage, and now have 35/51 hp.
You tentacle-slap the sleepcap.
The sleepcap shudders as magic cascades through it!
You destroy the sleepcap! 😮 HP[+1]
You now have 52 max hp (+1).
Unknown command.
The orc priest miscasts a cantrip.
The orc priest closely misses you.
Unknown command.
You tentacle-slap the orc priest.
The orc priest begins to glow.
You grab the orc priest. You constrict the orc priest.
The orc closely misses you. The orc misses you.
The orc warrior hits you from afar with a +0 glaive.
The orc priest misses you. 😮 HP[-1]
You take 1 damage, and now have 35/52 hp.
You tentacle-slap the orc priest.
The orc priest glows dangerously bright.
You constrict the orc priest. The orc barely misses you.
Unknown command.
You tentacle-slap the orc.
The orc begins to glow.
You grab the orc. You squeeze the orc, but do no damage. You constrict the orc.
You constrict the orc priest.
You kill the orc priest!
The orc misses you.
The orc warrior hits you from afar with a +0 glaive!
* * * LOW HITPOINT WARNING * * *
😨 HP[-13]
You take 13 damage, and now have 22/52 hp.
MASSIVE DAMAGE!! (PAUSE) Unknown command.
As you read the scroll of fear, it crumbles to dust.
You assume a fearsome visage.
The orc warrior looks frightened!
The orc looks frightened! x2; You constrict the orc.
You kill the orc! 😨 HP[+1] Unknown command.
You tentacle-slap the orc.
The orc begins to glow.
Your attack snaps the orc out of its fear.
You grab the orc. You constrict the orc. The orc closely misses you.
You tentacle-slap the orc.
The orc glows dangerously bright.
You squeeze the orc.
You kill the orc!
Things that are here:
a +0 falchion; an orc corpse 😨 HP[+1] 😨 HP[+1] 😨 HP[+1] 😮 HP[+1] 😮 HP[+1]
You start resting. 😮 HP[+8]
You regained 8 hp, and now have 36/52 hp. 😮 HP[+1]
An orc warrior is nearby!
An orc warrior is nearby!
An orc warrior is nearby! 😮 HP[+1]
The orc warrior barely misses you.
The orc warrior hits you with a +0 glaive! 😮 HP[-11]
You take 11 damage, and now have 27/52 hp.
MASSIVE DAMAGE!! (PAUSE)
You tentacle-slap the orc warrior but do no damage.
The orc warrior begins to glow.
Your grab misses the orc warrior.
The orc warrior hits you with a +0 glaive!!
* * * LOW HITPOINT WARNING * * *
😱 HP[-18]
You take 18 damage, and now have 9/52 hp.
MASSIVE DAMAGE!! (PAUSE)
You tentacle-slap the orc warrior.
The orc warrior glows dangerously bright.
You grab the orc warrior.
You constrict the orc warrior, but do no damage.
The orc warrior hits you with a +0 glaive!!
You die...

Skill      XL: |  1  2  3  4  5  6  7  8 |
---------------+-------------------------+-----
Stealth        | 1 2 3 4 5 7 9 |  9.6
Unarmed Combat | 4 5 7 |  7.3
Shapeshifting  | 4 5 6 |  6.8
Fighting       | |  1.0
Dodging        | |  2.0

Action                     |  1- 3 |  4- 6 |  7- 9 || total
---------------------------+-------+-------+-------++-------
  Melee: Unarmed           |    51 |    77 |   127 ||   255
         Constrict         |    15 |    16 |    28 ||    59
         Tentacles         |     8 |    17 |    30 ||    55
         Punch             |     1 |     6 |     6 ||    13
    Use: Potion            |       |     2 |     4 ||     6
         Scroll            |       |     5 |     2 ||     7
   Stab: Sleeping          |     3 |    13 |    10 ||    26
 Armour: Skin              |    22 |    25 |    59 ||   106
  Dodge: Dodged            |    38 |    35 |    84 ||   157
   Form: Flux              |       |       |     1 ||     1

Levels and vault maps discovered:
D:1:      minmay_arrival_solitary_statue, layout_loops_ring,
          minmay_misc_feat_hallway
D:2:      minmay_skewed_foursquare, layout_loops_ring, basic_altar
D:3:      layout_loops_corners, nicolae_overflow_crystal_walls,
          mainiacjoe_overflow_cross_hatched
D:4:      wander_river, layout_basic, minmay_temple_entry_from_below_a,
          serial_shops, nicolae_stop_n_shop_1, nicolae_shop_unique_rings
D:5:      layout_basic, ebering_ghost_inner_flame, grunt_decor_resistance,
          grunt_decor_one_mirror, nrook_loot_triangle
D:6:      layout_loops_cross, gammafunk_temple_overflow_pools
D:7:      statuecave_lemuel, layout_basic, vehumet_crystals,
          mainiacjoe_overflow_six_doors_small, uniq_menkaure

Notes
Turn   | Place    | Note
-------+----------+-------------------------------------------
     0 | D:1      | ytrimaz the Octopode Shapeshifter began the quest for the
                  | Orb.
     0 | D:1      | Reached XP level 1. HP: 13/13 MP: 1/1
     0 | D:1      | magus.rc [v1.9.6]
   212 | D:1      | Reached skill level 1 in Stealth
   336 | D:1      | Reached XP level 2. HP: 18/18 MP: 2/2
   695 | D:2      | You pick up a book of Necromancy and begin reading...
   695 | D:2      | You add the spells Necrotise, Vampiric Draining and Agony
                  | to your library.
   722 | D:2      | Reached skill level 2 in Stealth
   722 | D:2      | Reached XP level 3. HP: 22/23 MP: 3/3
   884 | D:2      | Found an ornate altar of the Wu Jian Council.
   935 | D:2      | Reached XP level 4. HP: 23/28 MP: 4/4
   998 | D:2      | HP: 5/28 [gnoll/+0 flail (8)]
  1001 | D:2      | Reached skill level 3 in Stealth
  1488 | D:3      | Found a stormy altar of Qazlal.
  1625 | D:3      | Found a blossoming altar of Fedhas.
  1641 | D:3      | Reached XP level 5. HP: 33/33 MP: 5/5
  1873 | D:3      | Reached skill level 4 in Unarmed Combat
  1875 | D:3      | HP: 7/33 [gnoll/+0 flail (8)]
  1883 | D:3      | Reached skill level 4 in Stealth
  1883 | D:3      | Reached skill level 4 in Shapeshifting
  2888 | D:4      | Found Pommocul's Book Shop.
  2996 | D:4      | Found Ehinuj's One-of-a-Kind Rings.
  3054 | D:4      | You add the spells Ignite Poison, Fulminant Prism and
                  | Eringya's Noxious Bog to your library.
  3054 | D:4      | Got Diusm's Directory of Inconstant Arcane Weapons
  3259 | D:5      | Entered Level 5 of the Dungeon
  3267 | D:5      | Reached XP level 6. HP: 29/38 MP: 6/6
  3391 | D:5      | Noticed a water moccasin
  3403 | D:5      | Killed a water moccasin
  3404 | D:5      | Reached skill level 5 in Stealth
  3512 | D:5      | Reached skill level 5 in Unarmed Combat
  3512 | D:5      | Reached XP level 7. HP: 36/43 MP: 7/7
  3605 | D:5      | Reached skill level 6 in Stealth
  3605 | D:5      | Reached skill level 5 in Shapeshifting
  3673 | D:5      | You pick up a book of Party Tricks and begin reading...
  3673 | D:5      | You add the spells Apportation and Alistair's Intoxication
                  | to your library.
  3715 | D:5      | Found a runed translucent door.
  3716 | D:5      | Noticed a troll
  3971 | D:5      | Noticed thirtiethelement's ghost (novice DsEn)
  4420 | D:6      | Reached skill level 7 in Stealth
  4420 | D:6      | Reached XP level 8. HP: 47/48 MP: 8/8
  4555 | D:6      | Reached skill level 6 in Unarmed Combat
  4735 | D:6      | HP: 1/42 [orc warrior/+0 hand axe (12)]
  4740 | D:6      | Reached skill level 8 in Stealth
  4740 | D:6      | Reached skill level 6 in Shapeshifting
  4746 | D:6      | HP: 12/72 [bullfrog (3)]
  4895 | D:6      | Found a bloodstained altar of Trog.
  4896 | D:6      | Found a shimmering altar of Xom.
  5119 | D:7      | Noticed Menkaure
  5145 | D:7      | Killed Menkaure
  5146 | D:7      | Reached skill level 9 in Stealth
  5146 | D:7      | HP: 11/45 [something/magic dart (7)]
  5158 | D:7      | Reached skill level 7 in Unarmed Combat
  5306 | D:7      | Reached XP level 9. HP: 45/53 MP: 9/9
  5430 | D:7      | Found a shadowy altar of Dithmenos.
  5772 | D:7      | Found a radiant altar of Vehumet.
  5845 | D:7      | HP: 9/52 [orc warrior/+0 glaive (18)]
  5846 | D:7      | Demolished by an orc warrior

Vanquished Creatures
  A steam dragon (D:7)
  Menkaure (D:7)
  2 water moccasins (D:5)
  2 black bears
  2 orc warriors
  An ogre (D:6)
  A centaur (D:6)
  A phantom (D:6)
  3 bullfrogs
  2 scorpions (D:5)
  2 hounds (D:5)
  2 jellies (D:5)
  2 orc priests (D:7)
  A sleepcap (D:7)
  2 iguanas
  3 orc wizards
  8 gnolls
  9 adders
  2 worms
  2 dart slugs
  11 orcs
  6 endoplasms
  A giant cockroach (D:2)
  3 hobgoblins
  8 jackals (D:2)
  A quokka (D:2)
  3 ball pythons
  3 bats
  A frilled lizard (D:3)
  3 rats
89 creatures vanquished.

Table legend:
 A = Non-vault XP
 B = Vault XP
 C = Vault XP percentage of total XP
 D = Non-vault monster count
 E = Vault monster count
 F = Vault count percentage of total count
                 A         B        C        D         E       F
            +---------+---------+-------+---------+---------+-------
      Total |    2527 |     210 |   7.7 |      80 |       9 |  10.1
            +---------+---------+-------+---------+---------+-------
        D:1 |      10 |       0 |   0.0 |       5 |       0 |   0.0
        D:2 |      93 |      38 |  29.0 |      16 |       8 |  33.3
        D:3 |      99 |       0 |   0.0 |      12 |       0 |   0.0
        D:4 |      49 |       0 |   0.0 |       6 |       0 |   0.0
        D:5 |     814 |       0 |   0.0 |      17 |       0 |   0.0
        D:6 |     821 |       0 |   0.0 |      12 |       0 |   0.0
        D:7 |     641 |     172 |  21.2 |      12 |       1 |   7.7
            +---------+---------+-------+---------+---------+-------

Skill      XL: |  1  2  3  4  5  6  7  8 |
---------------+-------------------------+-----
Stealth        | 1 2 3 4 5 7 9 |  9.6
Unarmed Combat | 4 5 7 |  7.3
Shapeshifting  | 4 5 6 |  6.8
Fighting       | |  1.0
Dodging        | |  2.0

Action                     |  1- 3 |  4- 6 |  7- 9 || total
---------------------------+-------+-------+-------++-------
  Melee: Unarmed           |    51 |    77 |   127 ||   255
         Constrict         |    15 |    16 |    28 ||    59
         Tentacles         |     8 |    17 |    30 ||    55
         Punch             |     1 |     6 |     6 ||    13
    Use: Potion            |       |     2 |     4 ||     6
         Scroll            |       |     5 |     2 ||     7
   Stab: Sleeping          |     3 |    13 |    10 ||    26
 Armour: Skin              |    22 |    25 |    59 ||   106
  Dodge: Dodged            |    38 |    35 |    84 ||   157
   Form: Flux              |       |       |     1 ||     1

Illustrated notes

Table legend:
 A = Kills in this place as a percentage of kills in the entire game.
 B = Kills by you in this place as a percentage of kills by you in the entire game.
 C = Kills by friends in this place as a percentage of kills by friends in the entire game.
 D = Other kills in this place as a percentage of other kills in the entire game.
 E = Experience gained in this place as a percentage of experience gained in the entire game.
 F = Experience gained in this place divided by the number of levels of this place that you have seen.
                   A       B       C       D       E      F
               +-------+-------+-------+-------+-------+----------------------
         Total | 100.0 | 100.0 |   N/A |   N/A | 100.0 | 391.0
       Dungeon | 100.0 | 100.0 |   N/A |   N/A | 100.0 | 391.0
               +-------+-------+-------+-------+-------+----------------------

Table legend: (Time is in decaauts)
 A = Elapsed time spent in this place.
 B = Non-inter-level travel time spent in this place.
 C = Inter-level travel time spent in this place.
 D = Time resting spent in this place.
 E = Time spent auto-exploring this place.
 F = Levels seen in this place.
 G = Mean time per level.
                   A        B        C        D        E       F      G
               +--------+--------+--------+--------+--------+-----+--------+
         Total |   5819 |   5663 |    156 |     76 |   4860 |   7 |  831.3 |
       Dungeon |   5819 |   5663 |    156 |     76 |   4860 |   7 |  831.3 |
               +--------+--------+--------+--------+--------+-----+--------+

Top non-repeatable levels by time:
     D:5: 1012 daAuts
     D:3: 1004 daAuts
     D:6: 836 daAuts
     D:2: 834 daAuts
     D:4: 774 daAuts
     D:7: 721 daAuts
     D:1: 636 daAuts
